 Dungeon Crawl Stone Soup version 0.22-a0-521-gb1378044ac (webtiles) character file.

139 Kaname the Conjurer (level 5, 22/36 HPs)
             Began as a Demonspawn Wizard on June 20, 2018.
             Quit the game on level 3 of the Dungeon.
             The game lasted 00:05:58 (2824 turns).

Kaname the Conjurer (Demonspawn Wizard)             Turns: 2824, Time: 00:05:58

Health: 22/36      AC:  3    Str:  7    XL:     5   Next: 1%
Magic:  6/9        EV: 12    Int: 20    God:
Gold:   151        SH:  0    Dex: 12    Spells: 4/10 levels left

rFire    . . .     SeeInvis +   c - +0 dagger
rCold    . . .     Gourm    .   (no shield)
rNeg     . . .     Faith    .   a - +0 robe
rPois    .         Spirit   .   b - +0 hat
rElec    .         Reflect  .   (no cloak)
rCorr    .         Harm     .   (no gloves)
MR       .....                  (no boots)
Stlth    ++........             (no amulet)
HPRegen  0.12/turn              g - ring of see invisible
MPRegen  0.11/turn              (no ring)

@: mildly poisoned (22 -> 17)
A: rugged brown scales 1, powered by pain 1
a: no special abilities


You were on level 3 of the Dungeon.
You were not hungry.

You visited 1 branch of the dungeon, and saw 3 of its levels.

You collected 151 gold pieces.

Inventory:

Hand Weapons
 c - a +0 dagger (weapon)
Missiles
 e - 20 arrows
Armour
 a - a +0 robe (worn)
 b - a +0 hat (worn)
Jewellery
 g - a ring of see invisible (left hand)
Wands
 k - a wand of digging (15)
Scrolls
 i - 2 scrolls of enchant armour {unknown}
 l - 2 scrolls of immolation {unknown}
 o - 3 scrolls of identify {unknown}
 p - 2 scrolls of remove curse {unknown}
Potions
 f - 2 potions of curing {unknown}
 h - a potion of invisibility {unknown}
 j - 4 potions of flight {unknown}
 m - 3 potions of brilliance {unknown}
 n - a potion of resistance {unknown}
 q - a potion of heal wounds {unknown}
Comestibles
 d - 5 rations


   Skills:
 - Level 1.7 Dodging
 - Level 1.7 Stealth
 - Level 3.0 Spellcasting
 + Level 4.9 Conjurations
   Level 1.0 Summonings
 - Level 0.8 Translocations


You had 4 spell levels left.
You knew the following spells:

 Your Spells              Type           Power        Failure   Level  Hunger
a - Magic Dart            Conj           ###.         1%          1    None
b - Blink                 Tloc           N/A          16%         2    ##.....
c - Mephitic Cloud        Conj/Pois/Air  #.......     22%         3    ###....

Your spell library contained the following spells:

 Spells                   Type           Power        Failure   Level  Hunger
 Conjure Flame            Conj/Fire      ##......     16%         3    ###....
 Slow                     Hex            #.......     22%         2    ##.....
 Call Imp                 Summ           #.......     14%         2    ##.....
 Spider Form              Tmut/Pois      #.........   38%         3    ###....
 Blade Hands              Tmut           #.........   98%         5    ######.
 Ice Form                 Ice/Tmut       #.......     80%         4    ####...
 Sticks to Snakes         Tmut           #.......     22%         2    ##.....
 Beastly Appendage        Tmut           #.....       14%         1    None


Dungeon Overview and Level Annotations

Branches:
Dungeon (3/15)

Altars:


Innate Abilities, Weirdness & Mutations

You are partially covered in rugged brown scales. (AC +1, +3% HP)
You sometimes gain a little power by taking damage.


Message History

You kill the adder!
You have reached level 5!
Your demonic ancestry asserts itself...
Rugged brown scales grow over part of your body.
You feel sick.
Casting: Magic Dart (safe; 1% risk of failure)
Confirm with . or Enter, or press ? or * to list all spells.
You can't see any susceptible monsters within range! (Use Z to cast anyway.) Unknown command.
Casting: Magic Dart (safe; 1% risk of failure)
Confirm with . or Enter, or press ? or * to list all spells.
You can't see any susceptible monsters within range! (Use Z to cast anyway.)
Casting: Magic Dart (safe; 1% risk of failure)
Confirm with . or Enter, or press ? or * to list all spells.
You can't see any susceptible monsters within range! (Use Z to cast anyway.)
Casting: Magic Dart (safe; 1% risk of failure)
Confirm with . or Enter, or press ? or * to list all spells.
You don't know that spell.
Unknown command.
Are you sure you want to abandon this character and quit the game? (Confirm with "yes".)

################
#######..............#
#.......#####†#.#.##.# #.####..#
#.....##.###### ###..#
#.............# # #..).#
#....###.####.# #. #.#.##
#.#.####.# #.# #.##.#.#
#........# #.# ##......###
###@###### #.# #.........# #'#
#.# #.###.###.# ... #<###
#.#...###.# ..... #.#.##
#.........# ....... ##..#.###
###.#...### ......... #........
...........+?........+.......###.
##......####.........####.....##.
##.#.#.## #..##.##.


There were no monsters in sight!

Vanquished Creatures
  5 adders
  An ooze (D:2)
  2 worms (D:3)
  5 dart slugs
  2 leopard geckos
  An orc (D:3)
  6 giant cockroaches
  6 goblins
  6 hobgoblins
  2 jackals (D:3)
  2 quokkas (D:3)
  9 bats
  7 frilled lizards
  13 kobolds
  8 rats
75 creatures vanquished.

Notes
Turn   | Place    | Note
-------+----------+-------------------------------------------
     0 | D:1      | Kaname the Demonspawn Wizard began the quest for the Orb.
     0 | D:1      | Reached XP level 1. HP: 13/13 MP: 4/4
   347 | D:1      | Reached skill level 2 in Conjurations
   376 | D:1      | Gained mutation: You sometimes gain a little power by taking damage. [demonic ancestry]
   376 | D:1      | Reached XP level 2. HP: 19/19 MP: 0/6
   754 | D:1      | Reached skill level 3 in Conjurations
   846 | D:1      | Reached XP level 3. HP: 24/24 MP: 5/7
  1080 | D:1      | Learned a level 2 spell: Blink
  1084 | D:1      | Learned a level 3 spell: Mephitic Cloud
  1635 | D:2      | Reached skill level 4 in Conjurations
  1635 | D:2      | Reached XP level 4. HP: 30/30 MP: 2/8
  2823 | D:3      | Gained mutation: You are partially covered in rugged brown scales. (AC +1, +3% HP) [demonic ancestry]
  2823 | D:3      | Reached XP level 5. HP: 23/36 MP: 6/9
  2824 | D:3      | Quit the game

Vault maps used:
D:1:      kilobyte_arrival_exit_the_forest
D:3:      amethyst_overflow_temple_binary, first_ration

Skill      XL: |  1  2  3 |
---------------+----------+-----
Conjurations   | 2 3 4 |  4.9
Dodging        | |  1.7
Stealth        | |  1.7
Spellcasting   | |  3.0
Summonings     | |  1.0
Translocations | |  0.8

Action                   |  1- 3 |  4- 6 || total
-------------------------+-------+-------++-------
Melee: Unarmed           |     6 |       ||     6
       Dagger            |    76 |    30 ||   106
 Cast: Magic Dart        |    83 |    69 ||   152
  Eat: Chunk             |     2 |     4 ||     6
Armor: Robe              |    44 |     3 ||    47
Dodge: Dodged            |    70 |    22 ||    92

Table legend:
 A = Spawn XP
 B = Non-spawn XP
 C = Spawn XP percentage of total XP
 D = Spawn monster count
 E = Non-spawn monster count
 F = Spawn count percentage of total count
 G = Total turns spent on level
                    A         B        C        D         E        F      G
               +---------+---------+-------+---------+---------+-------+---------
         Total |       0 |     199 |   0.0 |       0 |      75 |   0.0 |  2824
               +---------+---------+-------+---------+---------+-------+---------
           D:1 |       0 |      48 |   0.0 |       0 |      24 |   0.0 |  1206
           D:2 |       0 |      85 |   0.0 |       0 |      28 |   0.0 |   805
           D:3 |       0 |      66 |   0.0 |       0 |      23 |   0.0 |   813
               +---------+---------+-------+---------+---------+-------+---------
